 Dungeon Crawl Stone Soup version 0.19-a0-675-gf8984cf (console) character file.

30 lauthentik the Vexing (level 3, 0/25 HPs)
             Began as a Vampire Enchanter on June 16, 2016.
             Slain by an adder (1 damage)
             ... on level 2 of the Dungeon.
             The game lasted 00:04:41 (867 turns).

lauthentik the Vexing (Vampire Enchanter)            Turns: 867, Time: 00:04:41

Health: 0/25       AC:  3    Str:  7    XL:     3   Next: 5%
Magic:  6/6        EV: 13    Int: 18    God:
Gold:   10         SH:  0    Dex: 14    Spells: 2 memorised, 3 levels left

rFire  . . .     SeeInvis +     e - +0 hunting sling (curse)
rCold  . . .     Gourm    .     b - +1 robe
rNeg   + . .     Faith    .     (no shield)
rPois  .         Spirit   .     (no helmet)
rElec  .         Dismiss  .     (no cloak)
rCorr  .         Reflect  .     (no gloves)
SustAt .         Harm     .     (no boots)
MR     .....                    (no amulet)
Stlth  +++.......               (no ring)
                                (no ring)

@: lethally poisoned (0 -> -5), not resistant to hostile enchantments, fairly
stealthy
A: fangs 3, see invisible, unbreathing
a: Bat Form


You were on level 2 of the Dungeon.
You were not thirsty.

You visited 1 branch of the dungeon, and saw 2 of its levels.

You collected 10 gold pieces.

Inventory:

Hand Weapons
 a - a +1 dagger
 e - a cursed +0 hunting sling (weapon)
 f - a +0 short sword
 h - a +0 dagger
Armour
 b - a +1 robe (worn)
Potions
 d - 2 potions of blood
 i - a potion of heal wounds
 j - a potion of flight {unknown}
Books
 c - a book of Maledictions

   Spells                             Type                      Level
   a - Corona                         Hexes                        1
   b - Ensorcelled Hibernation        Hexes/Ice                    2
   c - Confuse                        Hexes                        3
   d - Tukima's Dance                 Hexes                        3
   e - Dazzling Spray                 Conjuration/Hexes            3


   Skills:
 + Level 0.3 Fighting
 + Level 1.2 Short Blades
 + Level 0.2 Slings
 + Level 2.5 Dodging
 + Level 4.8 Stealth
 + Level 2.1 Spellcasting
 + Level 5.0 Hexes


You had 3 spell levels left.
You knew the following spells:

 Your Spells              Type           Power        Failure   Level  Hunger
a - Corona                Hex            ###....      1%          1    #......
b - Ensorcelled Hibernat  Hex/Ice        ##....       12%         2    ###....


Dungeon Overview and Level Annotations

Branches:
Dungeon (2/15)

Altars:


Innate Abilities, Weirdness & Mutations

You have razor-sharp teeth.
You have supernaturally acute eyesight. (SInv)
You can survive without breathing.


Message History

Okay, then.
Firing (i - inventory): No suitable missiles.
Press: ? - help, Shift-Dir - straight line, f/p - adder
Aim: an adder (severely wounded)
Okay, then.
Firing (i - inventory): No suitable missiles.
Press: ? - help, Shift-Dir - straight line, f/p - adder
Aim: an adder (severely wounded)
Okay, then.
Really attack while wielding your cursed +0 hunting sling?
You closely miss the adder.
The adder is severely wounded.
The adder barely misses you. The adder bites you.
* * * LOW HITPOINT WARNING * * *
You clumsily bash the adder but do no damage.
Your bite misses the adder.
The adder is severely wounded.
* * * LOW HITPOINT WARNING * * *
You feel sick. The adder bites you.
You die...

#....(.(.#
#....(.).#
#........#
#$.......#
+........#
##........####
#.....S.......
#.....@.......
#..$..........
...#+#.##......
. #.# ......
#<# ..... ###
..... .... ####


You could see an adder.

Vanquished Creatures
  A gnoll (D:1)
  A ball python (D:1)
  2 goblins (D:1)
  3 hobgoblins (D:1)
  3 jackals (D:1)
  2 kobolds (D:1)
  A quokka (D:2)
  2 bats (D:1)
  2 giant newts (D:1)
  2 rats (D:1)
19 creatures vanquished.

Notes
Turn   | Place    | Note
--------------------------------------------------------------
     0 | D:1      | lauthentik the Vampire Enchanter began the quest for the Orb.
     0 | D:1      | Reached XP level 1. HP: 13/13 MP: 3/3
   400 | D:1      | Reached XP level 2. HP: 15/19 MP: 5/5
   404 | D:1      | Learned a level 2 spell: Ensorcelled Hibernation
   772 | D:1      | Reached skill level 5 in Hexes
   774 | D:1      | Reached XP level 3. HP: 19/25 MP: 1/6
   867 | D:2      | HP: 1/25 [poisoned by an adder]
   867 | D:2      | Slain by an adder

Vault maps used:
D:1:      minmay_arrival_four_houses, serial_park_tiny_pond, bh_walls_and_bars
D:2:      okawaru_ov_weapons_minmay, ecumenical_altar_1

Skill      XL: |  1  2 |
---------------+-------+-----
Hexes          | 5 |  5.0
Fighting       | |  0.3
Short Blades   | |  1.2
Slings         | |  0.2
Dodging        | |  2.5
Stealth        | |  4.8
Spellcasting   | |  2.1

Action                   || total
-------------------------++-------
Melee: Dagger            ||    22
       Short sword       ||     1
       Bite              ||     1
       Hunting sling     ||     2
 Fire: Hunting sling     ||    56
 Cast: Corona            ||    16
  Use: Scroll            ||     1
Armor: Robe              ||    18
Dodge: Dodged            ||    59
